 Dungeon Crawl Stone Soup version 0.19.1-1-g22dce08 (webtiles) character file.

3035 ponk the Carver (level 9, -1/64 HPs)
             Began as a Demonspawn Abyssal Knight on Jan 19, 2017.
             Was an Elder of Lugonu.
             Slain by an orc warrior
             ... wielding a +0 long sword of slicing
              (13 damage)
             ... on level 7 of the Dungeon.
             The game lasted 00:19:56 (7082 turns).

ponk the Carver (Demonspawn Abyssal Knight)         Turns: 7082, Time: 00:19:56

Health: -1/64      AC: 18    Str: 15    XL:     9   Next: 56%
Magic:  11/11      EV:  4    Int: 13    God:    Lugonu [****..]
Gold:   280        SH:  0    Dex: 14    Spells: 0 memorised, 8 levels left

rFire  . . .     SeeInvis .     d - +4 long sword
rCold  . . .     Gourm    .     A - +0 plate armour
rNeg   . . .     Faith    .     (no shield)
rPois  .         Spirit   .     (helmet restricted)
rElec  .         Reflect  .     y - +0 cloak
rCorr  .         Harm     .     E - +0 pair of gloves
MR     .....                    (no boots)
Stlth  ..........               (no amulet)
                                (no ring)
                                (no ring)

@: sanguine armour, drained
A: horns 2, demonic guardian 2, nightstalker 1, sanguine armour 1
a: Depart the Abyss, Bend Space, Banish, Corrupt, Renounce Religion


You were on level 7 of the Dungeon.
You worshipped Lugonu.
Lugonu was greatly pleased with you.
You were not hungry.

You visited 1 branch of the dungeon, and saw 7 of its levels.
You visited the Abyss 1 time.

You collected 280 gold pieces.

Inventory:

Hand Weapons
 a - a +1 falchion
 d - a +4 long sword (weapon)
 C - a +0 great sword
Missiles
 e - 18 tomahawks (quivered)
 t - 7 javelins
 v - 32 poisoned needles
Armour
 c - a +0 troll leather armour
 y - a +0 cloak (worn)
 A - a +0 plate armour (worn)
 E - a +0 pair of gloves (worn)
Wands
 q - a wand of polymorph (18/24)
 w - a wand of iceblast (8/15)
Scrolls
 f - a scroll of magic mapping
 h - 2 scrolls of remove curse
 i - a scroll of fog {unknown}
 j - 2 scrolls of enchant weapon {unknown}
 l - a scroll of noise {unknown}
 m - 2 scrolls of fear {unknown}
 n - 3 scrolls of teleportation {unknown}
 u - a scroll of recharging {unknown}
 x - 3 scrolls of amnesia {unknown}
Potions
 b - 2 potions of brilliance
 k - 2 potions of flight
 p - 2 potions of curing
 r - a potion of lignification {unknown}
 z - 2 potions of haste {unknown}
 B - 2 potions of agility {unknown}
Comestibles
 g - 2 fruits
 o - 6 meat rations
 s - 9 bread rations
 D - 6 beef jerkies
 F - a chunk of flesh


   Skills:
 - Level 3.2(3.0) Fighting
 + Level 12.0(11.8) Long Blades
 - Level 1.9(1.7) Armour
 - Level 0.8(0.7) Dodging
 - Level 2.7(2.6) Invocations


You had 8 spell levels left.
You didn't know any spells.

Dungeon Overview and Level Annotations

Branches:
Dungeon (7/15)             Temple (0/1) D:5

Altars:
Dithmenos
Gozag
Okawaru
Ru

Shops:
D:6 [


Innate Abilities, Weirdness & Mutations

You have a pair of horns on your head.
A demonic guardian rushes to your aid.
You are slightly more attuned to the shadows.
When seriously injured, your bleeding wounds create armour. (AC +6)


Message History

* * * LOW HITPOINT WARNING * * *
The orc warrior throws a tomahawk.
The tomahawk barely misses you.
You see here a tomahawk.
The orc warrior throws a tomahawk.
The tomahawk hits you!
* * * LOW HITPOINT WARNING * * *
You see here a tomahawk.
Okay, then.
It was a potion of curing.
You feel better.
The orc warrior throws a tomahawk.
The tomahawk hits you but does no damage.
You start resting.
You are no longer corroded.
You start resting.
You are too injured to fight recklessly!
You are too injured to fight recklessly!
You are too injured to fight recklessly!
You are too injured to fight recklessly!
You hit the orc warrior.
The orc warrior is lightly wounded.
The orc warrior hits you with a long sword of slicing!
You die...

...# #.# #.# # ###...####
# ##.# #.# #.# #.
#.........## ##.# #.# #.#
###.####.#...# #... #.##
#.# #.#
.........##.####..#
#..###.# #.#
#...o...((....... #......#
###..............
##..###### #
#...########... .#........
#.#####(## #.## .##.######
#<#@###(# # .##...#
#..#o##.## .##(#.###
###.##...#### .##.....##
#...........# .#.......##
#.#.##...##.#
....###...####.#.###.###.#
...##.##..#[...#.# #.# #.#
.#.#._.#.#)..[...###.###.#
.#.......##.##.........#.#


You could see an orc warrior.

Vanquished Creatures
  A slime creature (D:7)
  2 orc warriors (D:6)
  3 sky beasts
  A phantom (D:4)
  A black bear (D:6)
  2 ogres
  A centaur (D:5)
  5 bullfrogs
  A scorpion (D:7)
  6 wights (D:7)
  2 crimson imps
  2 bullfrog zombies
  7 jellies (D:7)
  5 orc wizards
  2 orc priests
  An iguana (D:6)
  A worker ant (D:4)
  A hound zombie (D:7)
  A hound skeleton (D:4)
  8 adders
  A shadow imp (D:6)
  13 oozes
  An adder skeleton (D:4)
  4 worms
  A dart slug (D:1)
  4 leopard geckos
  19 orcs
  5 bats
  5 giant cockroaches
  5 goblins
  8 hobgoblins
  4 jackals (D:3)
  8 kobolds
  4 quokkas
  A ball python (D:3)
  2 frilled lizards
  A jackal skeleton (D:6)
  7 rats
146 creatures vanquished.

Vanquished Creatures (collateral kills)
  Pikel (D:6)
  The ghost of galech the Skirmisher, an amateur OgFi (D:3)
  An ice beast (D:6)
  A slave (D:6)
  3 jellies (D:7)
  An orc priest (D:6)
  A worker ant (D:6)
  3 oozes (D:7)
  3 orcs (D:6)
15 creatures vanquished.

Vanquished Creatures (others)
  A centaur (D:6)
  A quokka (D:6)
  A fungus (D:7)
3 creatures vanquished.

Grand Total: 164 creatures vanquished

Notes
Turn   | Place    | Note
-------+----------+-------------------------------------------
     0 | Abyss:1  | ponk the Demonspawn Abyssal Knight began the quest for the Orb.
     0 | Abyss:1  | Reached XP level 1. HP: 18/18 MP: 2/2
    25 | Abyss:2  | Noticed a large abomination
    54 | Abyss:2  | Noticed a starcursed mass
    58 | D:1      | Escaped the Abyss
    58 | D:1      | Noticed a draconian
   252 | D:1      | Noticed an octopode
   254 | D:1      | Noticed a minotaur
   256 | D:1      | Noticed an elf
   258 | D:1      | Noticed a human
   259 | D:1      | Noticed a troll
   263 | D:1      | Noticed a troll
   264 | D:1      | Noticed a naga
   266 | D:1      | Noticed a centaur
   268 | D:1      | Noticed a draconian
   268 | D:1      | Noticed a spriggan
   270 | D:1      | Noticed a minotaur
   274 | D:1      | Noticed an elf
   311 | D:1      | Gained mutation: You have a pair of small horns on your head. [demonic ancestry]
   311 | D:1      | Reached XP level 2. HP: 18/24 MP: 4/4
   361 | D:1      | Reached skill level 2 in Long Blades
   490 | D:1      | Reached * piety under Lugonu
   640 | D:2      | Found an opulent altar of Gozag.
   658 | D:2      | Reached XP level 3. HP: 18/29 MP: 5/5
  1087 | D:2      | Reached skill level 3 in Long Blades
  1449 | D:2      | Found a sacrificial altar of Ru.
  1863 | D:2      | Gained mutation: When seriously injured, your bleeding wounds create armour. (AC +6) [demonic ancestry]
  1863 | D:2      | Reached XP level 4. HP: 34/35 MP: 6/6
  2284 | D:3      | Reached skill level 4 in Long Blades
  2378 | D:3      | Reached ** piety under Lugonu
  2458 | D:3      | Gained mutation: A weak demonic guardian rushes to your aid. [demonic ancestry]
  2458 | D:3      | Reached XP level 5. HP: 41/41 MP: 7/7
  2772 | D:3      | Noticed galech's ghost (amateur OgFi)
  2782 | D:3      | Killed galech's ghost
  2782 | D:3      | Reached skill level 5 in Long Blades
  2971 | D:3      | Reached XP level 6. HP: 47/47 MP: 8/8
  3602 | D:4      | Reached skill level 6 in Long Blades
  3729 | D:5      | Entered Level 5 of the Dungeon
  3955 | D:5      | Found a staircase to the Ecumenical Temple.
  4733 | D:5      | Gained mutation: A demonic guardian rushes to your aid. [demonic ancestry]
  4733 | D:5      | Reached XP level 7. HP: 52/52 MP: 9/9
  4807 | D:5      | Reached skill level 7 in Long Blades
  4919 | D:6      | Noticed Pikel
  4933 | D:6      | Killed Pikel
  4933 | D:6      | Reached skill level 8 in Long Blades
  5024 | D:6      | Reached *** piety under Lugonu
  5024 | D:6      | Gained mutation: You are slightly more attuned to the shadows. [demonic ancestry]
  5024 | D:6      | Reached XP level 8. HP: 44/58 MP: 10/10
  5244 | D:6      | Reached skill level 9 in Long Blades
  5533 | D:6      | Reached skill level 10 in Long Blades
  5789 | D:6      | Found an iron altar of Okawaru.
  5844 | D:6      | Found Viamnegu's Antique Armour Emporium.
  6329 | D:7      | Gained mutation: You have a pair of horns on your head. [demonic ancestry]
  6329 | D:7      | Reached XP level 9. HP: 56/64 MP: 11/11
  6347 | D:7      | Found a shadowy altar of Dithmenos.
  6532 | D:7      | Reached skill level 11 in Long Blades
  6558 | D:7      | Reached **** piety under Lugonu
  7051 | D:7      | Reached skill level 12 in Long Blades
  7067 | D:7      | HP: 2/64 [orc warrior/tomahawk (17)]
  7082 | D:7      | Slain by an orc warrior

Skill      XL: |  1  2  3  4  5  6  7  8  9 |
---------------+----------------------------+-----
Long Blades    | 2 3 4 5 6 8 10 12 | 12.0
Fighting       | |  3.2
Armour         | |  1.9
Dodging        | |  0.8
Invocations    | |  2.7

Action                   |  1- 3 |  4- 6 |  7- 9 || total
-------------------------+-------+-------+-------++-------
Melee: Falchion          |    85 |   211 |   299 ||   595
       Headbutt          |    12 |    47 |    66 ||   125
       Long sword        |       |       |    29 ||    29
Throw: Tomahawk          |       |    36 |       ||    36
       Javelin           |       |     3 |       ||     3
Invok: Depart the Abyss  |     1 |       |       ||     1
       Bend Space        |       |       |     1 ||     1
Evoke: Wand              |       |       |     1 ||     1
  Use: Scroll            |       |     3 |     4 ||     7
       Potion            |       |     1 |     4 ||     5
 Stab: Distracted        |       |     2 |     1 ||     3
       Sleeping          |       |     1 |       ||     1
  Eat: Chunk             |     1 |     2 |     3 ||     6
       Bread ration      |     1 |     1 |     1 ||     3
       Fruit             |       |     1 |     1 ||     2
Armor: Leather armour    |     3 |       |       ||     3
       Ring mail         |    21 |       |       ||    21
       Chain mail        |       |    65 |       ||    65
       Troll leather arm |       |    38 |       ||    38
       Plate armour      |       |    34 |   216 ||   250
Dodge: Dodged            |    53 |   101 |    59 ||   213
       Rpst.: Falchion   |    16 |    29 |    13 ||    58
       Long sword        |       |       |     1 ||     1
